 Dungeon Crawl Stone Soup version 0.21.1-1-g345015f (webtiles) character file.

36410 homeworkjunkie the Severer (level 13, -2/116 HPs)
             Began as a Hill Orc Fighter on Mar 1, 2018.
             Was the Champion of Okawaru.
             Slain by a komodo dragon (63 damage)
             ... on level 6 of the Lair of Beasts.
             The game lasted 00:29:13 (11946 turns).

homeworkjunkie the Severer (Hill Orc Fighter)      Turns: 11946, Time: 00:29:14

Health: -2/116     AC: 22    Str: 21    XL:     13   Next: 90%
Magic:  18/18      EV:  8    Int: 11    God:    Okawaru [******]
Gold:   477        SH:  0    Dex: 20    Spells: 14/14 levels left

rFire    . . .     SeeInvis .   y - +2 broad axe (freeze)
rCold    . . .     Gourm    .   c - +0 shield
rNeg     . . .     Faith    .   x - +0 plate armour "Zyquuxo" {rC- Dex+9 Slay+3}
rPois    .         Spirit   .   B - +2 hat {Int+3}
rElec    .         Reflect  .   l - scarf {cloud immunity}
rCorr    .         Harm     .   q - +1 pair of gloves
MR       .....                  g - +2 pair of boots
Stlth    ..........             s - amulet of regeneration
HPRegen  1.09/turn              k - ring of ice
MPRegen  0.16/turn              D - ring of protection from fire

@: lethally poisoned (-2 -> -2), sleeping, drained
A: beak, horns 1, blurry vision 1, regeneration 1, weak 1, evolution 1
a: Heroism, Finesse, Renounce Religion


You were on level 6 of the Lair of Beasts.
You worshipped Okawaru.
Okawaru was exalted by your worship.
You were full.

You visited 3 branches of the dungeon, and saw 18 of its levels.

You collected 781 gold pieces.
You spent 304 gold pieces at shops.

Inventory:

Hand Weapons
 v - a +4 scimitar of flaming
 y - a +2 broad axe of freezing (weapon)
Armour
 c - a +0 shield (worn)
 g - a +2 pair of boots (worn)
 l - a scarf of cloud immunity (worn)
 n - the +3 ring mail "Huonis" {rF+ MR+ Dex+3}
   (You found it on level 4 of the Dungeon)

   It affects your dexterity (+3).
   It protects you from fire.
   It affects your resistance to hostile enchantments.
 q - a +1 pair of gloves (worn)
 x - the +0 plate armour "Zyquuxo" (worn) {rC- Dex+9 Slay+3}
   (Okawaru gifted it to you on level 10 of the Dungeon)

   It affects your dexterity (+9).
   It affects your accuracy and damage with ranged weapons and melee attacks
   (+3).
   It makes you vulnerable to cold.
 B - a +2 hat of intelligence (worn)
 N - +2 fire dragon scales
Jewellery
 k - a ring of ice (left hand)
 s - an amulet of regeneration (around neck)
 D - a ring of protection from fire (right hand)
 K - an uncursed ring of protection from fire
Wands
 a - a wand of iceblast (3)
 j - a wand of disintegration (12)
 z - a wand of acid (11)
 M - a wand of clouds (5)
Scrolls
 b - 2 scrolls of teleportation
 h - 13 scrolls of identify
 i - 5 scrolls of remove curse
 o - 3 scrolls of immolation
 u - a scroll of blinking
 w - 7 scrolls of fog
 H - a scroll of enchant weapon
 J - 2 scrolls of magic mapping
Potions
 d - a potion of berserk rage
 e - 2 potions of might
 m - 3 potions of ambrosia
 p - a potion of magic
 t - a potion of brilliance
 A - 2 potions of haste
 C - a potion of flight {unknown}
 E - a potion of resistance {unknown}
 G - a potion of degeneration {unknown}
 I - a potion of lignification {unknown}
 L - a potion of curing
Comestibles
 f - 9 rations


   Skills:
 * Level 11.5(10.7) Fighting
 + Level 3.7(3.1) Long Blades
 * Level 16.1(15.2) Axes
 + Level 1.3(0.6) Throwing
 * Level 10.3(9.5) Armour
 + Level 4.3(3.7) Dodging
 + Level 1.6(1.0) Stealth
 * Level 10.5(9.7) Shields
 + Level 2.1(1.4) Unarmed Combat
 + Level 1.0(0.4) Spellcasting
 + Level 2.0(1.4) Invocations
 * Level 7.7(7.0) Evocations


You had 14 spell levels left.
You didn't know any spells.

Dungeon Overview and Level Annotations

Branches:
Dungeon (11/15)            Temple (1/1) D:4            Lair (5/6) D:9
 Shoals (0/4) Lair:3        Snake (0/4) Lair:4
  Slime: Lair:5-6       Orc: D:9-12

Altars:
Ashenzari
Elyvilon
Fedhas
Gozag
Hepliaklqana
Kikubaaqudgha
Makhleb
Okawaru
Qazlal
Sif Muna
Trog
Vehumet
Wu Jian
Yredelemnul
Zin
The Shining One

Shops:
D:6 !   D:7 !([?   D:9 }


Innate Abilities, Weirdness & Mutations

You have a beak for a mouth.
You have a pair of small horns on your head.
Scrolls take you a little longer to read.
Your natural rate of healing is unusually fast.
You are weak. (Str -2)
You evolve.


Message History

The dream sheep bites you! The komodo dragon bites you!
You barely miss the water moccasin. You peck the water moccasin.
The water moccasin is almost dead.
You slash the dream sheep! You freeze the dream sheep.
You kill the dream sheep!
Okawaru accepts your kill.
You hit the komodo dragon.
The komodo dragon seems to slow down.
You freeze the komodo dragon.
The basilisk bites the fungus!
The dream sheep shake their wool and sparkle.
You feel drowsy...
You fall asleep.
The dream sheep bites the fungus!
The water moccasin bites you but does no damage.
A polar bear comes into view.
You feel sick.
The polar bear growls angrily.
The rime drake bites the plant but does no damage.
The basilisk bites the fungus!
The dream sheep bites the fungus!
The komodo dragon bites you!!!
Ouch! That really hurt!
You die...

.......
......t ..
.h...lY ..#
....PP #.##
.##..YP##..#
P.....P.#..#
.....kY...##
.#..tS@#..###
#....l......#
#....PP..P###
##...P#...#
##.####..# ##
..## P.# ....
##.#


You could see a fire crab, a polar bear, a komodo dragon, a basilisk, a rime
drake, a water moccasin, a crocodile and 3 dream sheep.

Vanquished Creatures
  Gastronok (Lair:2)
  5 hydras
  Erica (D:9)
  A two-headed ogre (D:7)
  Sonja (Lair:4)
  A sixfirhy (D:8)
  Pikel (D:4)
  A manticore (Lair:3)
  Maurice (D:8)
  Psyche (D:9)
  6 elephants
  7 spiny frogs
  3 rime drakes
  7 komodo dragons
  A polar bear (Lair:3)
  A troll (D:10)
  A slime creature (D:6)
  Prince Ribbit (D:6)
  A dream sheep (Lair:6)
  9 hippogriffs
  Sigmund (D:4)
  2 wyverns
  Grum (D:8)
  2 basilisks
  A human (D:7)
  20 yaks
  Eustachio (D:4)
  4 hogs (D:7)
  A hungry ghost (D:8)
  7 porcupines
  5 water moccasins
  4 sky beasts
  2 ogres (D:7)
  A hornet zombie (D:8)
  An ice beast (D:6)
  A phantom (D:6)
  7 wolves
  2 centaurs
  4 crocodiles
  8 bullfrogs
  A scorpion (D:5)
  4 wights (D:7)
  2 howler monkeys
  2 crimson imps
  4 jellies (D:6)
  2 bullfrog zombies
  7 orc wizards
  Crazy Yiuf (D:7)
  3 orc priests
  A bullfrog skeleton (D:6)
  5 iguanas
  4 worker ants
  5 gnolls
  15 adders
  2 shadow imps (D:10)
  15 oozes
  An adder skeleton (D:5)
  5 worms
  4 dart slugs
  4 leopard geckos
  24 orcs
  2 ball pythons
  10 giant cockroaches
  8 goblins
  11 hobgoblins
  6 jackals
  12 kobolds
  7 quokkas
  2 bats
  6 frilled lizards
  2 jackal skeletons
  A jackal zombie (D:5)
  A leopard gecko skeleton (D:3)
  A quokka zombie (D:5)
  10 rats
316 creatures vanquished.

Vanquished Creatures (others)
  The ghost of Goblin1989 the Insei, an amateur DsEn of Ru (D:4)
  A slave (D:4)
  A hound skeleton (D:4)
  An adder (D:4)
  2 gnolls (D:4)
  A goblin (D:4)
  5 fungi (D:6)
  A plant (Lair:1)
13 creatures vanquished.

Grand Total: 329 creatures vanquished

Notes
Turn   | Place    | Note
-------+----------+-------------------------------------------
     0 | D:1      | homeworkjunkie the Hill Orc Fighter began the quest for the Orb.
     0 | D:1      | Reached XP level 1. HP: 19/19 MP: 1/1
   198 | D:1      | Reached XP level 2. HP: 25/27 MP: 2/2
   223 | D:1      | Reached skill level 3 in Axes
   343 | D:2      | Reached XP level 3. HP: 9/33 MP: 3/3
   609 | D:2      | Found an ancient bone altar of Kikubaaqudgha.
   631 | D:2      | Gained mutation: You are agile. (Dex +2) [potion of mutation]
   631 | D:2      | Gained mutation: Your spells are a little easier to cast, but a little less powerful. [potion of mutation]
   631 | D:2      | Gained mutation: You have a pair of small horns on your head. [potion of mutation]
  1029 | D:3      | Reached XP level 4. HP: 38/40 MP: 4/4
  1217 | D:4      | Noticed Eustachio
  1223 | D:4      | Noticed a slave
  1224 | D:4      | Noticed a slave
  1227 | D:4      | Noticed a slave
  1306 | D:3      | Reached skill level 4 in Axes
  1846 | D:3      | Reached XP level 5. HP: 41/46 MP: 5/5
  1940 | D:3      | Lost mutation: You are agile. (Dex +2) [potion of mutation]
  1940 | D:3      | Lost mutation: Your spells are a little easier to cast, but a little less powerful. [potion of mutation]
  1940 | D:3      | Gained mutation: Your mind is acute. (Int +2) [potion of mutation]
  1940 | D:3      | Gained mutation: Your natural rate of healing is unusually fast. [potion of mutation]
  1940 | D:3      | Gained mutation: Scrolls take you a little longer to read. [potion of mutation]
  1940 | D:3      | Gained mutation: You evolve. [potion of mutation]
  1950 | D:3      | Lost mutation: Your mind is acute. (Int +2) [evolution]
  3371 | D:4      | Noticed Pikel
  3375 | D:4      | Killed Pikel
  3375 | D:4      | Reached skill level 6 in Axes
  3375 | D:4      | Reached skill level 5 in Armour
  3375 | D:4      | Reached skill level 1 in Dodging
  3375 | D:4      | Reached skill level 5 in Shields
  3375 | D:4      | Reached skill level 1 in Evocations
  3375 | D:4      | Reached XP level 6. HP: 55/55 MP: 5/7
  3375 | D:4      | Reached XP level 7. HP: 60/60 MP: 5/8
  3379 | D:4      | Noticed Goblin1989's ghost (amateur DsEn)
  3385 | D:4      | Killed Goblin1989's ghost
  3385 | D:4      | Reached skill level 5 in Fighting
  3385 | D:4      | Reached skill level 7 in Axes
  3419 | D:5      | Entered Level 5 of the Dungeon
  3475 | D:4      | Got a steaming ring mail
  3486 | D:4      | Identified the +3 ring mail "Huonis" {rF+ MR+ Dex+3} (You found it on level 4 of the Dungeon)
  3519 | D:4      | Found a glowing silver altar of Zin.
  3564 | D:4      | Found a staircase to the Ecumenical Temple.
  3600 | D:4      | Found a hazy altar of Hepliaklqana.
  3608 | D:4      | Noticed Sigmund
  3610 | D:4      | Found an opulent altar of Gozag.
  3624 | D:4      | Killed Sigmund
  3624 | D:4      | Reached XP level 8. HP: 61/68 MP: 9/9
  3644 | Temple   | Entered the Ecumenical Temple
  3727 | Temple   | Became a worshipper of Warmaster Okawaru
  3856 | D:4      | Killed Eustachio
  3991 | D:4      | Found a shattered altar of Ashenzari.
  3996 | D:4      | Found a stormy altar of Qazlal.
  4049 | D:4      | Found a white marble altar of Elyvilon.
  4088 | D:4      | Found a blossoming altar of Fedhas.
  4142 | D:6      | Reached skill level 8 in Axes
  4327 | D:6      | Noticed a slime creature
  4342 | D:6      | Killed a slime creature
  4345 | D:6      | Reached * piety under Okawaru
  4374 | D:6      | Reached skill level 9 in Axes
  4510 | D:6      | Noticed Prince Ribbit
  4529 | D:6      | Killed Prince Ribbit
  4529 | D:6      | Reached XP level 9. HP: 39/75 MP: 11/11
  4689 | D:5      | Found a burning altar of Makhleb.
  4812 | D:5      | Reached ** piety under Okawaru
  4819 | D:5      | Reached skill level 10 in Axes
  5432 | D:6      | Found Wexyjidgh's Distillery.
  5442 | D:6      | Bought a potion of heal wounds for 60 gold pieces
  6125 | D:7      | Found Gunaw's Armour Shoppe.
  6165 | D:7      | Reached *** piety under Okawaru
  6165 | D:7      | Reached XP level 10. HP: 82/86 MP: 12/12
  6282 | D:7      | Found Fufid's Antique Weapon Emporium.
  6300 | D:7      | Found Bylockin's Distillery.
  6333 | D:7      | Bought a potion of heal wounds for 80 gold pieces
  6370 | D:7      | Noticed a two-headed ogre
  6383 | D:7      | Killed a two-headed ogre
  6383 | D:7      | Reached skill level 11 in Axes
  6505 | D:7      | Found an ornate altar of the Wu Jian Council.
  6516 | D:7      | Found Zojoawo's Magic Scroll Shop.
  6526 | D:7      | Bought a scroll of enchant armour for 82 gold pieces
  6526 | D:7      | Bought a scroll of enchant weapon for 82 gold pieces
  6862 | D:7      | Reached **** piety under Okawaru
  6879 | D:7      | Gained mutation: You are weak. (Str -2) [evolution]
  6918 | D:7      | Found a runed door.
  6922 | D:7      | Noticed Crazy Yiuf
  6932 | D:7      | Killed Crazy Yiuf
  7011 | D:8      | Found a runed door.
  7017 | D:8      | Noticed a sixfirhy
  7029 | D:8      | Killed a sixfirhy
  7066 | D:8      | Noticed Maurice
  7116 | D:8      | Killed Maurice
  7228 | D:8      | Reached skill level 5 in Evocations
  7233 | D:8      | Noticed Grum
  7240 | D:8      | Killed Grum
  7240 | D:8      | Reached ***** piety under Okawaru
  7304 | D:9      | Noticed an elephant
  7482 | D:8      | Reached skill level 12 in Axes
  7635 | D:9      | Found a radiant altar of Vehumet.
  7670 | D:9      | Found Buiryh's Gadget Emporium.
  7707 | D:10     | Entered Level 10 of the Dungeon
  7756 | D:9      | Reached XP level 11. HP: 95/95 MP: 14/14
  7847 | D:9      | Noticed Erica
  7863 | D:9      | Killed Erica
  7958 | D:9      | Found a staircase to the Lair.
  8093 | D:9      | Noticed Psyche
  8101 | D:9      | Killed Psyche
  8463 | D:10     | Received a gift from Okawaru
  8464 | D:10     | Got a translucent plate armour {god gift}
  8475 | D:10     | Identified the +0 plate armour "Zyquuxo" {rC- Dex+9 Slay+3} (Okawaru gifted it to you on level 10 of the Dungeon)
  8498 | Lair:1   | Entered Level 1 of the Lair of Beasts
  8505 | Lair:1   | Reached skill level 13 in Axes
  8786 | Lair:1   | Reached skill level 10 in Fighting
  8786 | Lair:1   | Reached skill level 1 in Long Blades
  8786 | Lair:1   | Reached skill level 1 in Throwing
  8786 | Lair:1   | Reached skill level 1 in Stealth
  8786 | Lair:1   | Reached skill level 1 in Spellcasting
  8786 | Lair:1   | Reached XP level 12. HP: 106/106 MP: 16/16
  8966 | Lair:2   | Reached skill level 14 in Axes
  9194 | Lair:1   | Noticed a six-headed hydra
  9202 | Lair:1   | Noticed a six-headed hydra
  9204 | Lair:1   | Killed a one-headed hydra
  9210 | Lair:1   | Killed a one-headed hydra
  9210 | Lair:1   | Reached skill level 10 in Shields
  9210 | Lair:1   | Reached XP level 13. HP: 74/114 MP: 18/18
 10149 | Lair:2   | Noticed Gastronok
 10159 | Lair:2   | Killed Gastronok
 10159 | Lair:2   | Reached ****** piety under Okawaru
 10159 | Lair:2   | Reached skill level 15 in Axes
 10200 | Lair:3   | Found a staircase to the Shoals.
 10404 | Lair:2   | Received a gift from Okawaru
 10423 | Lair:2   | Gained mutation: You have a beak for a mouth. [evolution]
 11192 | Lair:3   | Reached skill level 10 in Armour
 11644 | Lair:4   | Noticed Sonja
 11651 | Lair:4   | Reached skill level 16 in Axes
 11653 | Lair:4   | Found a staircase to the Snake Pit.
 11657 | Lair:4   | Killed Sonja
 11860 | Lair:4   | Received a gift from Okawaru
 11939 | Lair:4   | You fall through a shaft for 2 floors!
 11939 | Lair:6   | Entered Level 6 of the Lair of Beasts
 11946 | Lair:6   | Slain by a komodo dragon

Skill      XL: |  1  2  3  4  5  6  7  8  9 10 11 12 13 |
---------------+----------------------------------------+-----
Axes           | 3 4 6 7 9 10 12 13 14 16 | 16.1
Fighting       | 4 5 7 8 10 11 | 11.5
Shields        | 4 5 6 7 8 9 10 | 10.5
Armour         | 5 6 7 9 10 | 10.3
Dodging        | 1 2 3 4 |  4.3
Evocations     | 1 2 3 5 6 7 |  7.7
Long Blades    | 1 3 |  3.7
Throwing       | 1 |  1.3
Stealth        | 1 |  1.6
Unarmed Combat | 2 |  2.1
Spellcasting   | 1 |  1.0
Invocations    | 2 |  2.0

Action                   |  1- 3 |  4- 6 |  7- 9 | 10-12 | 13-15 || total
-------------------------+-------+-------+-------+-------+-------++-------
Melee: War axe           |   115 |   129 |   150 |       |       ||   394
       Headbutt          |     7 |    21 |    68 |    76 |    49 ||   221
       Hand axe          |       |       |   148 |   109 |       ||   257
       Broad axe         |       |       |       |   202 |   157 ||   359
       Scimitar          |       |       |       |    10 |    12 ||    22
       Peck              |       |       |       |       |    29 ||    29
Evoke: Wand              |       |     3 |     4 |     3 |     2 ||    12
  Use: Scroll            |     3 |     5 |     4 |     7 |     2 ||    21
       Potion            |     2 |     3 |     2 |     3 |       ||    10
  Eat: Ration            |     1 |     3 |     1 |     5 |     4 ||    14
Armor: Scale mail        |    65 |    64 |     3 |       |       ||   132
       Ring mail         |       |       |    96 |    83 |       ||   179
       Plate armour      |       |       |       |    43 |    90 ||   133
Dodge: Dodged            |    39 |    53 |    89 |    69 |    47 ||   297
Block: Shield            |    63 |    73 |   128 |   157 |   110 ||   531
